AoeStats
← Pqnz3r

Scandinavia

510627683Analyzed
1v1 RM · 2d ago on Oct 1, 2026· 53m 34s· 2 players
Game mode
Random Map
Map size
Tiny (2 player)
Population
200
Speed
Normal
Resources
Standard
Victory
Conquest
Starting age
Dark Age
Ending age
Imperial Age
RankedLock teamsTeams togetherTeam positionsShared explorationLock speedFull tech treeHidden civsTurbo modeCheats
Victory
Defeat
🇨🇴 Berbers · Colombia
946
+14
🇬🇧 Danes · United Kingdom
911
-40
Pqnz3r
10:04 Feudal Age
10:56 Double-Bit Axe
15:01 Man-at-Arms
15:27 Arson
16:28 Wheelbarrow
17:13 Town Watch
22:03 Castle Age
21:00 Gold Mining
23:04 Stone Mining
23:01 Horse Collar
23:51 Scale Mail Armor
24:01 Forging
30:59 Bow Saw
30:54 Heavy Plow
32:09 Fishing Lines
36:50 Imperial Age
35:36 Scale Barding Armor
37:20 Pikeman
40:43 Chain Mail Armor
40:48 Chain Barding Armor
41:05 Iron Casting
41:58 Elite Jomsviking
50:15 Hamask
andres_sag7
1:10 Loom
11:30 Feudal Age
12:00 Double-Bit Axe
17:46 Wheelbarrow
17:48 Gold Mining
19:07 Fishing Lines
21:32 Castle Age
20:45 Scale Barding Armor
20:51 Forging
22:22 Bow Saw
22:49 Gold Shaft Mining
23:29 Gillnets
24:16 Bloodlines
24:09 Husbandry
24:25 Stone Mining
24:23 Town Watch
28:27 Chain Barding Armor
28:40 Fletching
29:32 Hand Cart
31:30 Town Patrol
32:28 Fortified Wall
32:48 Bodkin Arrow
33:33 Ballistics
37:17 Imperial Age
36:31 Iron Casting
35:57 Padded Archer Armor
35:40 Treadmill Crane
36:10 Masonry
35:51 Guard Tower
35:57 Murder Holes
40:28 Chemistry
39:13 Arrowslits
41:38 Plate Barding Armor
42:04 Blast Furnace
40:26 Cavalier
40:28 Light Cavalry
42:34 Conscription
42:17 Maghrebi Camels
44:01 Bracer
44:16 Leather Archer Armor
44:22 Medium Warships
44:46 Horse Collar
44:33 Hussar
44:36 Capped Ram
46:12 Thumb Ring
45:28 Elite Skirmisher
46:42 Heavy Warships
45:50 Elite Cannon Galleon
48:07 Ring Archer Armor
47:03 Heavy Camel Rider
47:06 Onager
47:08 Heavy Scorpion
48:17 Heavy Plow
51:38 Siege Engineers
51:35 Scale Mail Armor
50:57 Pikeman
51:37 Squires
51:23 Arson
Connection lost

Rejoining the realm…

Still unreachable

The connection could not be restored.

Session expired

The server has moved on; the page needs a fresh start.